 Dungeon Crawl Stone Soup version 0.16-a0-3641-g71d4c1b (webtiles) character file.

181 EvilTwin the Covered (level 5, -8/49 HPs)
             Began as a Deep Dwarf Fighter on Apr 18, 2015.
             Mangled by an ogre
             ... wielding a +0 giant club
              (22 damage)
             ... on level 4 of the Dungeon.
             The game lasted 00:07:38 (1939 turns).

EvilTwin the Covered (Deep Dwarf Fighter)           Turns: 1939, Time: 00:07:38

Health: -8/49      AC:  3    Str: 21    XL:     5   Next: 34%
Magic:  7/7        EV:  9    Int:  8    God:
Gold:   62         SH: 10    Dex: 12    Spells: 0 memorised, 4 levels left

rFire  . . .     SeeInvis .     g - +4 flail (holy)
rCold  . . .     Clarity  .     m - +0 leather armour (curse)
rNeg   . . .     SustAb   .     c - +1 shield
rPois  .         Gourm    .     (helmet restricted)
rElec  .         Spirit   .     (no cloak)
rCorr  .         Warding  .     (no gloves)
rMut   .         Stasis   .     (no boots)
MR     .....                    (no amulet)
Stlth  ++........               (no ring)
                                (no ring)

@: very slightly contaminated, non-regenerating, hasted, very quick, not
resistant to hostile enchantments, unstealthy
A: damage resistance, recharge devices, antennae 1, sense surroundings 1, slow
healing 3
a: Device Recharging


You were on level 4 of the Dungeon.
You were not hungry.

You visited 1 branch of the dungeon, and saw 4 of its levels.

You collected 62 gold pieces.

Inventory:

Hand weapons
 a - a +2 flail
 g - a +4 flail of holy wrath (weapon)
 o - a +3 mace
Armour
 b - a +0 scale mail
 c - a +1 shield (worn)
 h - the +1 helmet of Autotheism {MR- Stlth+}
   (You found it on level 4 of the Dungeon)

   It affects your resistance to hostile enchantments.
   It makes you more stealthy.
 m - a cursed +0 leather armour (worn)
Magical devices
 d - a wand of heal wounds (0)
 k - a wand of fireball (5)
Scrolls
 i - a scroll of magic mapping
 j - 2 scrolls of identify
 n - a scroll of enchant weapon
 p - a scroll of remove curse {unknown}
Potions
 e - 2 potions of might
Comestibles
 f - 2 bread rations


   Skills:
 + Level 3.4 Fighting
 + Level 2.4 Maces & Flails
 + Level 3.9 Armour
 + Level 1.2 Dodging
 * Level 3.0 Stealth
 + Level 3.8 Shields
 * Level 2.7 Evocations


You had 4 spell levels left.
You didn't know any spells.

Dungeon Overview and Level Annotations

Branches:
Dungeon (4/15)
 Temple: D:4-7

Altars:
Ashenzari
Elyvilon


Innate Abilities, Weirdness & Mutations

You are resistant to damage.
You can recharge devices by infusing magical energy.
You passively map a small area around you.
You do not heal naturally.
You have a pair of small antennae on your head.


Message History

You hit the ogre.
The ogre is moderately wounded.
The bat zombie closely misses you. The bat zombie barely misses you.
The black bear bites you.
* * * LOW HITPOINT WARNING * * *
The black bear claws you but does no damage.
The black bear claws you.
Evoke which item? (* to show all) (? for menu, Esc to quit)
Zapping:
d - a wand of heal wounds (1)
Press: ? - help, Shift-Dir - straight line, f - you You feel much better.
This wand has 0 charges left.
The bat zombie hits you but does no damage.
The bat zombie barely misses you. The ogre hits you with a giant club!
The black bear bites you. The black bear claws you.
* * * LOW HITPOINT WARNING * * *
The black bear claws you. The bat zombie closely misses you.
The bat zombie hits you but does no damage.
The ogre hits you with a giant club!!
You die...

...... , #.....#., ...%.....
......####.......## ........#
##............# ..# #.......#
....##........###.# #.......#
.##............##.###....!.$#
.# #.....)............?.....#
# #...((..........h##..#.###
####.#....†...#.ZO<.##.....#
##.#.#.......##.@...##.....#
#....###.###.#########.....#
.....# #..##....## #.....#
.8...# ##(#####..#####.....#
....## #..#####....##.....#
#....# ##.....##....#.....#
...#.## #####.†.....#.....#
.8.#..# ####[...#.....#
...##.# #....#.....#


You could see a black bear, an ogre and a bat zombie.

Vanquished Creatures
  An orc priest (D:3)
  A hound (D:4)
  Terence (D:2)
  3 adders
  A giant mite (D:2)
  A worm (D:3)
  2 giant geckos (D:2)
  An ooze (D:2)
  3 orcs
  3 ball pythons
  2 giant cockroaches
  4 hobgoblins
  13 jackals
  8 kobolds
  A quokka (D:2)
  7 bats
  4 giant newts
  6 goblins
  A quokka skeleton (D:4)
  8 rats
71 creatures vanquished.

Notes
Turn   | Place    | Note
--------------------------------------------------------------
     0 | D:1      | EvilTwin, the Deep Dwarf Fighter, began the quest for the Orb.
     0 | D:1      | Reached XP level 1. HP: 20/20 MP: 1/1
    19 | D:1      | Reached skill level 1 in Stealth
    92 | D:1      | You fall through a shaft!
    98 | D:2      | Reached XP level 2. HP: 21/27 MP: 2/2
   110 | D:2      | Reached skill level 1 in Evocations
   134 | D:2      | Found a white marble altar of Elyvilon.
   459 | D:2      | Reached XP level 3. HP: 33/33 MP: 3/3
   647 | D:2      | Noticed Terence
   658 | D:2      | Killed Terence
   990 | D:3      | Reached XP level 4. HP: 28/42 MP: 5/5
  1184 | D:3      | Found a shattered altar of Ashenzari.
  1662 | D:4      | Got a pitted helmet
  1668 | D:4      | Identified the +1 helmet of Autotheism {MR- Stlth+} (You found it on level 4 of the Dungeon)
  1775 | D:4      | Reached XP level 5. HP: 39/49 MP: 7/7
  1891 | D:4      | Reached skill level 1 in Dodging
  1914 | D:4      | Noticed an ogre
  1916 | D:4      | Noticed a black bear
  1930 | D:3      | Gained mutation: You have a pair of small antennae on your head. [potion of beneficial mutation]
  1939 | D:4      | Mangled by an ogre

Action                   |  1- 3 |  4- 6 || total
-------------------------+-------+-------++-------
Melee: Flail             |   107 |    78 ||   185
       Mace              |       |     6 ||     6
Evoke: Wand              |     1 |     4 ||     5
  Use: Scroll            |     5 |     3 ||     8
       Potion            |       |     2 ||     2
 Stab: Sleeping          |       |     1 ||     1
  Eat: Meat ration       |       |     1 ||     1
       Royal jelly       |       |     1 ||     1
